 Dungeon Crawl Stone Soup version 0.24-a0-446-g87df7205b4 (webtiles) character file.

Game seed: 11688837970691448366

459 ivs the Twirler (level 7, 0/35 HPs)
             Began as a Vine Stalker Gladiator on June 23, 2019.
             Was a Follower of Dithmenos.
             Succumbed to a scorpion's poison
             ... on level 7 of the Dungeon.
             The game lasted 00:21:29 (1327 turns).

ivs the Twirler (Vine Stalker Gladiator)            Turns: 1327, Time: 00:21:30

Health: 0/35       AC:  7    Str: 24    XL:     7   Next: 6%
Magic:  1/8        EV: 12    Int:  8    God:    Dithmenos [*.....]
Gold:   143        SH:  0    Dex: 15    Spells: 6/6 levels left

rFire    . . .     SeeInvis .   a - +0 quarterstaff
rCold    . . .     Gourm    .   (shield currently unavailable)
rNeg     . . .     Faith    .   v - +0 ring mail
rPois    .         Spirit   +   c - +0 helmet
rElec    .         Reflect  .   (no cloak)
rCorr    .         Harm     .   (no gloves)
MR       .....                  q - +0 pair of boots
Stlth    ++........             (no amulet)
HPRegen  0.51/turn              (no ring)
MPRegen  0.11/turn              (no ring)

@: mighty, lethally poisoned (0 -> -9), wreathed by umbra
A: fangs 2, regeneration 1, magic shield, antimagic bite, no potion heal 3, rot
immunity
a: Renounce Religion


You were on level 7 of the Dungeon.
You worshipped Dithmenos.
Dithmenos was aware of your devotion.
You were hungry.

You visited 1 branch of the dungeon, and saw 7 of its levels.

You collected 143 gold pieces.

Inventory:

Hand Weapons
 a - a +0 quarterstaff (weapon)
 g - a +0 dagger of venom
Missiles
 j - 16 poisoned darts (quivered)
 u - 19 stones
Armour
 b - a +0 leather armour
 c - a +0 helmet (worn)
 p - a +0 scale mail
 q - a +0 pair of boots (worn)
 v - a +0 ring mail (worn)
Scrolls
 e - a scroll of blinking
 h - 2 scrolls of teleportation
 l - 2 scrolls of magic mapping
 m - a scroll of enchant armour {unknown}
 s - a scroll of noise {unknown}
 w - a scroll of remove curse {unknown}
 x - a scroll of amnesia {unknown}
Potions
 i - a potion of magic
 k - a potion of curing
 n - a potion of flight
Comestibles
 f - 8 rations


   Skills:
 - Level 2.1 Fighting
 + Level 6.1 Staves
 - Level 3.2 Throwing
 - Level 2.4 Dodging
 + Level 2.1 Stealth


You had 6 spell levels left.
You didn't know any spells.
Your spell library was empty.

Dungeon Overview and Level Annotations

Branches:
Dungeon (7/15)
 Temple: D:4-7

Altars:
Dithmenos
Gozag
Uskayaw

Annotations:
D:5 Prince Ribbit
D:7 Harold


Innate Abilities, Weirdness & Mutations

You have extremely sharp teeth.
Your natural rate of healing is unusually fast.
When hurt, damage is shared between your health and your magic reserves.
Your bite disrupts and absorbs the magic of your enemies.
Potions cannot restore your health.
You are immune to rotting.


Message History

* * * LOW HITPOINT WARNING * * *
The bullfrog skeleton hits you but does no damage.
The orc barely misses you.
It was a potion of cancellation.
Your magical effects are unravelling.
You feel magically purged.
The sentinel's mark upon you fades away.
* * * LOW HITPOINT WARNING * * *
You feel sick. The quasit barely misses you. The quasit closely misses you.
The quasit claws you but does no damage.
The orc barely misses you.
The bullfrog skeleton hits you but does no damage.
The scorpion closely misses you.
Harold falters for a moment.
The orc barely misses you.
The quasit bites you but does no damage.
The quasit claws you but does no damage.
The quasit barely misses you.
It was a potion of might.
You feel very mighty all of a sudden.
You die...

#.....# ... .
#.....#....
..###.....#....
#.........$....
#.................
................
..###.@Z5....<..=.
......s@oJ..>.....
....####o.........
. #...o.......
.#.o...#..#####
.......<.......
...............
....#....#.....
... #....+ .... .
#...## ...


You could see Harold, a scorpion, a jelly, a quasit, 3 orcs and a bullfrog
skeleton.

Vanquished Creatures
  An ice beast (D:5)
  2 scorpions
  A bullfrog zombie (D:6)
  2 crimson imps
  A worker ant (D:4)
  A worker ant zombie (D:6)
  5 adders
  A shadow imp (D:6)
  An adder zombie (D:5)
  2 worms
  A dart slug (D:3)
  6 leopard geckos
  6 orcs
  2 ball pythons (D:4)
  2 giant cockroaches (D:3)
  6 goblins
  7 hobgoblins
  A jackal (D:4)
  2 quokkas (D:4)
  4 bats
  2 frilled lizards
  4 kobolds
  16 rats
76 creatures vanquished.

Notes
Turn   | Place    | Note
-------+----------+-------------------------------------------
     0 | D:1      | ivs the Vine Stalker Gladiator began the quest for the Orb.
     0 | D:1      | Reached XP level 1. HP: 11/11 MP: 2/2
    44 | D:1      | Reached XP level 2. HP: 12/15 MP: 3/3
    46 | D:1      | Reached skill level 3 in Staves
   264 | D:2      | Reached XP level 3. HP: 18/18 MP: 4/4
   283 | D:2      | Found a shadowy altar of Dithmenos.
   293 | D:2      | Became a worshipper of Dithmenos the Shadowed
   485 | D:3      | Gained mutation: Your natural rate of healing is unusually
                  | fast. [Vine Stalker growth]
   485 | D:3      | Reached XP level 4. HP: 22/23 MP: 3/5
   682 | D:4      | Reached skill level 4 in Staves
   774 | D:5      | Entered Level 5 of the Dungeon
   778 | D:5      | Reached XP level 5. HP: 23/26 MP: 6/6
   829 | D:5      | Noticed Prince Ribbit
   855 | D:4      | Reached * piety under Dithmenos
   870 | D:5      | Reached skill level 5 in Staves
   876 | D:5      | Found an opulent altar of Gozag.
   899 | D:5      | Noticed an ice beast
   909 | D:5      | Killed an ice beast
   909 | D:5      | Reached XP level 6. HP: 30/30 MP: 7/7
   990 | D:5      | Found a hide-covered altar of Uskayaw.
   990 | D:5      | Noticed a +0 dagger
   991 | D:5      | Noticed a +0 dagger
  1084 | D:6      | Reached skill level 6 in Staves
  1084 | D:6      | Reached skill level 1 in Stealth
  1183 | D:6      | Reached XP level 7. HP: 35/35 MP: 8/8
  1308 | D:7      | Noticed Harold
  1326 | D:7      | HP: 1/35 [poisoned by a scorpion]
  1327 | D:7      | Succumbed to a scorpion's poison

Levels and vault maps discovered:
D:1:      erik_arrival_orb_chamber, layout_rooms
D:2:      layout_rooms, lemuel_round_altar, minmay_box_of_dots
D:3:      layout_loops_cross
D:4:      layout_rooms, kennysheep_generic_room_6
D:5:      layout_rooms, grunt_gozag_statues, dancing_weapons_uskayaw,
          elyvilon_altar_5, first_ration, mumra_transporter_accident,
          grunt_ministairs_10, uniq_prince_ribbit1
D:6:      corexii_shack_village, layout_cave_pods
D:7:      layout_basic, ashenzari_conservatory_becter, lemuel_round_altar,
          minmay_temple_entry_stoned_glass, kennysheep_cross_bottleneck,
          uniq_harold, uniq_joseph

Skill      XL: |  1  2  3  4  5  6 |
---------------+-------------------+-----
Throwing       | 2 3 |  3.2
Staves         | 3 4 5 6 |  6.1
Fighting       | 2 |  2.1
Stealth        | 2 |  2.1
Dodging        | |  2.4

Action                   |  1- 3 |  4- 6 |  7- 9 || total
-------------------------+-------+-------+-------++-------
Melee: Quarterstaff      |    80 |   122 |    19 ||   221
       Bite              |    17 |    32 |    10 ||    59
Throw: Throwing net      |     3 |     1 |     2 ||     6
       Dart              |       |     9 |     2 ||    11
  Use: Scroll            |       |     7 |       ||     7
       Potion            |       |       |     2 ||     2
 Stab: Sleeping          |     1 |       |       ||     1
       Held in net/web   |       |     1 |     1 ||     2
  Eat: Chunk             |       |     1 |       ||     1
Armor: Leather armour    |    13 |       |       ||    13
       Scale mail        |       |    18 |       ||    18
       Ring mail         |       |    23 |    25 ||    48
Dodge: Dodged            |    55 |    91 |    51 ||   197

Table legend:
 A = Non-vault XP
 B = Vault XP
 C = Vault XP percentage of total XP
 D = Non-vault monster count
 E = Vault monster count
 F = Vault count percentage of total count
                 A         B        C        D         E       F
            +---------+---------+-------+---------+---------+-------
      Total |     537 |     120 |  18.3 |      45 |      31 |  40.8
            +---------+---------+-------+---------+---------+-------
        D:1 |      10 |      12 |  54.5 |       7 |      12 |  63.2
        D:2 |      33 |       7 |  17.5 |       6 |       4 |  40.0
        D:3 |      50 |       0 |   0.0 |      13 |       0 |   0.0
        D:4 |     116 |       4 |   3.3 |       8 |       2 |  20.0
        D:5 |     200 |      85 |  29.8 |       5 |       7 |  58.3
        D:6 |     128 |      12 |   8.6 |       6 |       6 |  50.0
            +---------+---------+-------+---------+---------+-------
